 Dungeon Crawl Stone Soup version 0.31-a0-1626-g5cb510d322 (webtiles) character file.

Game seed: 6846496208278989872

21 experimilk the Ruffian (level 2, 29/29 HPs)
             Began as a Troll Berserker on Jan 12, 2024.
             Was a Follower of Trog.
             Got out of the dungeon alive.
             The game lasted 00:01:02 (856 turns).

experimilk the Ruffian (Troll Berserker)             Turns: 856, Time: 00:01:02

Health: 29/29      AC:  4    Str: 24    XL:     2   Next: 62%
Magic:  1/1        EV: 10    Int:  3    God:    Trog [*.....]
Gold:   56         SH:  0    Dex:  9    Spells: 1/1 levels left

rFire   . .          .
                       - Unarmed
rCold   . . .        (no shield)
rNeg    . . .        a - +0 animal skin
rPois   .            (helmet restricted)
rElec   .            (no cloak)
rCorr   .            (gloves unavailable)
SInv    .            (boots unavailable)
Will    .....        (no amulet)
Stlth   +            (no ring)
HPRegen 1.04/turn    (no ring)
MPRegen 0.07/turn

%: no passive effects
@: no status effects
A: large, unfitting armour, claws 3, regeneration 1, shaggy fur 1, tough skin 1
a: Renounce Religion, Berserk


You escaped.
You worshipped Trog.
Trog was aware of your devotion.
You visited 1 branch of the dungeon, and saw 2 of its levels.

You collected 56 gold pieces.

Inventory:

Armour
 a - a +0 animal skin (worn)
Scrolls
 b - a scroll of revelation
 f - a scroll of blinking {unknown}
 g - a scroll of butterflies {unknown}
 i - a scroll of noise {unknown}
Potions
 c - a potion of attraction {unknown}
 d - a potion of heal wounds {unknown}
 e - a potion of lignification {unknown}
 h - a potion of curing {unknown}


   Skills:
 - Level 2.4 Fighting
 - Level 2.4 Dodging
 + Level 4.0 Unarmed Combat


You had one spell level left.
You didn't know any spells.
Your spell library was empty.

Dungeon Overview and Level Annotations

Branches:
Dungeon (2/15)

Altars:


Innate Abilities, Weirdness & Mutations

You are too large for most types of armour.
You have claws for hands.
Your natural rate of healing is unusually fast.
You are covered in fur. (AC +1)
You have tough skin. (AC +1)


Message History

There is an open door here.
There is an open door here.
There is an open door here.
There is an open door here.
You see here a +1 falchion of holy wrath.
Done exploring.
No target in view!
No target in view!
Done exploring.
No target in view!
Done exploring.
No target in view!
Done exploring.
No target in view!
Done exploring.
No target in view!
Okay, then.
You see here a +1 falchion of holy wrath.
There is an open door here.
There is an open door here.
There is an open door here.
There is an open door here.
There is a stone staircase leading down here.
You climb downwards.
The adder hisses angrily.
Found 18 gold pieces.
There is a stone staircase leading up here.
As you read the scroll labelled HAVYRU JEFIRR, it crumbles to dust.
You feel aware of your surroundings.
It was a scroll of revelation.
A hobgoblin comes into view.
The endoplasm quivers.
A kobold comes into view. It is wielding a +0 dagger.
Okay, then.
Your library has no spells.
The kobold shouts!
You climb upwards.
There is a stone staircase leading down here.
There is an open door here.
There is a staircase leading out of the dungeon here.
You have escaped!

#.....'......# #.
#.#####......# #. #..#
#......############
##..#####'#####...........
#.#.#.........#...........
###.#.#.........#...........
#.....#..⌠...⌠..#>..........
#.#...#.........#..#########
#.#...+....@....'.## #
###.#...#.........### #
#.......#..⌠...⌠..# #
#.#.....#.........# #
#.#.#...#.........# #
#.###.#.#####'##### #
#................# #
########.##...##.# #
#.##...##.# #


There were no monsters in sight!

Vanquished Creatures
  A dart slug (D:1)
  A ball python (D:1)
  2 endoplasms (D:1)
  A giant cockroach (D:1)
  3 goblins (D:1)
  3 kobolds (D:1)
  3 bats (D:1)
  3 frilled lizards (D:1)
17 creatures vanquished.

Notes
Turn   | Place    | Note
-------+----------+-------------------------------------------
     0 | D:1      | experimilk the Troll Berserker began the quest for the Orb.
     0 | D:1      | Reached XP level 1. HP: 22/22 MP: 0/0
   172 | D:1      | Found a faded altar of an unknown god.
   216 | D:1      | Reached XP level 2. HP: 29/29 MP: 1/1
   580 | D:1      | Reached skill level 4 in Unarmed Combat
   856 | D:$      | Got out of the dungeon alive.

Illustrated notes

Levels and vault maps discovered:
D:1:      mushboom_english_gardens, layout_basic,
          chequers_ecumenical_altar_lobes
D:2:      layout_basic, minmay_tromino_v4_a

Skill      XL: |  1  2 |
---------------+-------+-----
Unarmed Combat | 4 |  4.0
Fighting       | |  2.4
Dodging        | |  2.4

Action                     || total
---------------------------++-------
  Melee: Unarmed           ||    36
         Punch             ||     1
    Use: Scroll            ||     1
 Armour: Animal skin       ||    12
  Dodge: Dodged            ||    14

Table legend: (Time is in decaauts)
 A = Elapsed time spent in this place.
 B = Non-inter-level travel time spent in this place.
 C = Inter-level travel time spent in this place.
 D = Time resting spent in this place.
 E = Time spent auto-exploring this place.
 F = Levels seen in this place.
 G = Mean time per level.
                   A        B        C        D        E       F      G
               +--------+--------+--------+--------+--------+-----+--------+
         Total |    854 |    820 |     34 |      0 |    720 |   2 |  427.0 |
       Dungeon |    854 |    820 |     34 |      0 |    720 |   2 |  427.0 |
               +--------+--------+--------+--------+--------+-----+--------+

Top non-repeatable levels by time:
     D:1: 851 daAuts
     D:2: 2 daAuts
